 Dungeon Crawl Stone Soup version 0.27.1 (webtiles) character file.

Game seed: 6875238539987546942

95 nxtlvl the Insei (level 4, -1/35 HPs)
             Began as a Demigod Wanderer on Aug 27, 2021.
             Slain by an adder (3 damage)
             ... in a sewer.
             The game lasted 00:06:48 (565 turns).

nxtlvl the Insei (Demigod Wanderer)                  Turns: 565, Time: 00:06:49

Health: -1/35      AC:  3    Str:  9 (12) XL:     4   Next: 17%
Magic:  5/6        EV: 11    Int: 13 (15) God:
Gold:   133        SH:  0    Dex: 16 (17) Spells: 2/3 levels left

rFire    . . .     SeeInvis .   a - +2 short sword
rCold    . . .     Faith    .   (no shield)
rNeg     . . .     Spirit   .   d - +0 leather armour
rPois    .         Reflect  .   (no helmet)
rElec    .         Harm     .   (no cloak)
rCorr    .         Rampage  .   (no gloves)
Will     .....                  (no boots)
Stlth    +.........             (no amulet)
HPRegen  0.11/turn              (no ring)
MPRegen  0.10/turn              (no ring)

@: lethally poisoned (-1 -> -8)
A: high mp 1, forlorn
a: no special abilities


You were in a sewer.
You visited 1 branch of the dungeon, and saw 3 of its levels.
You also visited: Sewer.

You collected 133 gold pieces.

Inventory:

Hand Weapons
 a - a +2 short sword (weapon)
Missiles
 e - 22 arrows
Armour
 c - a +0 robe
 d - a +0 leather armour (worn)
Scrolls
 g - a scroll of magic mapping {unknown}
 h - a scroll of enchant weapon {unknown}
 j - a scroll of fog {unknown}
Potions
 b - a potion of curing


   Skills:
 - Level 1.4 Fighting
 - Level 1.0 Short Blades
 - Level 1.0 Throwing
 - Level 1.0 Dodging
 - Level 1.0 Shields
 + Level 2.9 Unarmed Combat
 * Level 0.2 Spellcasting
 - Level 1.7 Summonings
 + Level 1.5 Transmutations
 - Level 2.6 Poison Magic


You had 2 spell levels left.
You knew the following spells:

 Your Spells              Type           Power      Damage    Failure   Level
z - Sting                 Tmut/Pois      20%        1d4       19%         1

Your spell library contained the following spells:

 Spells                   Type           Power      Damage    Failure   Level
 Spider Form              Tmut/Pois      2%         N/A       47%         3


Dungeon Overview and Level Annotations

Branches:
Dungeon (3/15)              Sewer (1/1)


Innate Abilities, Weirdness & Mutations

Your attributes grow dramatically as you level up.
You have an increased reservoir of magic. (+10% MP)
You shall have no god before yourself.


Message History

Unknown command.
Casting: Sting (safe; 14% risk of failure)
Confirm with . or Enter, or press ? or * to list all spells.
Aiming: Sting (safe; 14% risk of failure)
Press: ? - help, Shift-Dir - straight line, f/p - adder
Aim: an adder (48% to hit)
The sting hits the adder.
The adder is poisoned.
The adder is lightly wounded.
The adder bites you.
An adder comes into view.
Throw: javelin (silver)
Press: ? - help, Q - select action, (/) - cycle Shift-Dir - straight line, f - adder, p - adder
Aim: an adder (wandering, hasn't noticed you, 40% to hit)
You throw a silver javelin.
The silver javelin pierces through the adder but does no damage.
The adder is moderately wounded.
The silver javelin barely misses the adder.
The adder bites you.
You are poisoned.
The adder poisons you! The adder bites you.
You hit the adder.
The adder is moderately wounded.
You feel sick. The adder completely misses you.
You barely miss the adder.
The adder is heavily wounded.
You feel sick. The adder bites you but does no damage. The adder misses you.
You hit the adder.
The adder is severely wounded.
You feel sick. The adder bites you.
* * * LOW HITPOINT WARNING * * *
The adder bites you.
* * * LOW HITPOINT WARNING * * *
You are lethally poisoned!
The adder poisons you!
It was a potion of degeneration.
There was something very wrong with that liquid.
You feel weakened.
You feel dopey.
You feel clumsy.
* * * LOW HITPOINT WARNING * * *
You feel sick.
The adder barely misses you. x2; The adder bites you.
You die...

≈# ≈# ≈# ##≈##
##.≈≈##
(..####...≈.##≈#
(.)≈≈≈S@.∩.≈≈≈≈≈
.≈≈####S∩...###
##.≈.## ##≈## ≈#
≈# ≈# ≈. ≈r


You could see 2 adders.

Vanquished Creatures
  A bullfrog zombie (D:3)
  5 adders
  A ball python (D:1)
  A bat (D:2)
  An endoplasm (D:3)
  3 goblins (D:3)
  5 kobolds
  A quokka (D:2)
  A rat (D:2)
19 creatures vanquished.

Notes
Turn   | Place    | Note
-------+----------+-------------------------------------------
     0 | D:1      | nxtlvl the Demigod Wanderer began the quest for the Orb.
     0 | D:1      | nxtlvl set off with the following items: a +2 short sword,
                  | a potion of curing, a +0 robe; and the following spell
                  | memorised: Sting; and the following spells available to
                  | memorise: Spider Form
     0 | D:1      | Reached XP level 1. HP: 16/16 MP: 3/3
   127 | D:2      | Reached skill level 1 in Unarmed Combat
   127 | D:2      | Reached XP level 2. HP: 17/23 MP: 2/4
   312 | D:3      | Reached XP level 3. HP: 28/28 MP: 2/5
   363 | D:3      | HP: 1/28 [bullfrog zombie (1)]
   366 | D:3      | Reached skill level 1 in Transmutations
   465 | D:3      | Reached XP level 4. HP: 8/35 MP: 4/6
   465 | D:3      | Found a glowing drain.
   556 | Sewer    | Entered a sewer
   565 | Sewer    | Slain by an adder

Illustrated notes

Levels and vault maps discovered:
D:1:      wander_arrival_estate, layout_basic,
          amcnicky_mini_rare_corridor_liquid
D:2:      layout_loops_corners
D:3:      layout_basic, nicolae_overflow_hidden_temple, portal_sewer_entry_d,
          uniq_grinder
Sewer:    sewer_co_15_rooms

Skill      XL: |  1  2  3 |
---------------+----------+-----
Unarmed Combat | 1 2 |  2.9
Transmutations | 1 |  1.5
Fighting       | |  1.4
Short Blades   | |  1.0
Throwing       | |  1.0
Dodging        | |  1.0
Shields        | |  1.0
Spellcasting   | |  0.2
Summonings     | |  1.7
Poison Magic   | |  2.6

Action                   |  1- 3 |  4- 6 || total
-------------------------+-------+-------++-------
Melee: Short sword       |    46 |     3 ||    49
Throw: Javelin           |     4 |     3 ||     7
 Cast: Sting             |     6 |     1 ||     7
  Use: Potion            |       |     1 ||     1
 Stab: Sleeping          |     1 |       ||     1
Armor: Leather armour    |     7 |     1 ||     8
Dodge: Dodged            |    21 |     4 ||    25
